 Dungeon Crawl Stone Soup version 0.29.1-14-g9c671dbff4 (webtiles) character file.

Game seed: 14899470859293709526

5934 KittyFluff the Basher (level 10, -3/96 HPs)
             Began as a Gargoyle Berserker on Feb 15, 2023.
             Was a High Priest of Trog.
             Slain by a slime creature (13 damage)
             ... on level 8 of the Dungeon.
             The game lasted 00:36:13 (8217 turns).

KittyFluff the Basher (Gargoyle Berserker)          Turns: 8217, Time: 00:36:14

Health: -3/96      AC: 19    Str: 30    XL:     10   Next: 83%
Magic:  10/10      EV: 13    Int:  8    God:    Trog [*****.]
Gold:   509        SH:  0    Dex: 12    Spells: 9/9 levels left

rFire   + . .      SeeInvis .   V - +3 flail (freeze)
rCold   + . .      Faith    .   (no shield)
rNeg    + . .      Spirit   .   o - +0 leather armour
rPois   ∞          Reflect  .   (no helmet)
rElec   +          Harm     .   M - scarf {rC+ rF+}
rCorr   .          Rampage  .   l - +2 pair of gloves
Will    .....                   v - +0 pair of boots
Stlth   ..........              S - amulet of regeneration
HPRegen 1.06/turn               m - +6 ring of strength
MPRegen 0.12/turn               W - +4 ring of protection

@: berserking (expiring), very quick
A: sickness immunity, AC +7, negative energy resistance 1, electricity
resistance, torment resistance 1, petrification resistance, strong 1
a: Renounce Religion, Berserk, Trog's Hand, Brothers in Arms


You were on level 8 of the Dungeon.
You worshipped Trog.
Trog was extremely pleased with you.
You visited 1 branch of the dungeon, and saw 9 of its levels.

You collected 509 gold pieces.

Inventory:

Hand Weapons
 a - a +1 mace of holy wrath
 h - a +0 sling
 k - a +1 dire flail of venom
 C - a +2 morningstar of protection
 E - a +5 morningstar
 V - a +3 flail of freezing (weapon)
 X - a +3 dire flail
 Y - a +0 great mace
Missiles
 d - 38 stones (quivered)
 e - 5 boomerangs
 i - 16 poisoned darts
 p - 2 datura-tipped darts
 A - 4 javelins
Armour
 b - a +0 scale mail
 l - a +2 pair of gloves (worn)
 o - a +0 leather armour (worn)
 q - a +0 cloak
 t - a +0 helmet
 u - a +0 chain mail
 v - a +0 pair of boots (worn)
 L - a +0 ring mail
 M - a scarf of resistance (worn)
 O - a +0 robe of positive energy
Jewellery
 m - a +6 ring of strength (left hand)
 y - a ring of see invisible
 S - an amulet of regeneration (around neck)
 W - a +4 ring of protection (right hand)
Wands
 s - a wand of flame (18)
 K - a wand of iceblast (7)
Scrolls
 c - a scroll of summoning
 g - 4 scrolls of magic mapping {unknown}
 j - 4 scrolls of teleportation
 n - 3 scrolls of amnesia {unknown}
 w - 2 scrolls of blinking {unknown}
 z - 3 scrolls of butterflies {unknown}
 B - 5 scrolls of enchant weapon {unknown}
 H - a scroll of vulnerability {unknown}
 Q - a scroll of enchant armour {unknown}
 R - a scroll of torment {unknown}
 U - 2 scrolls of immolation {unknown}
 Z - a scroll of identify
Potions
 f - 2 potions of curing
 r - a potion of resistance
 x - 2 potions of ambrosia
 F - a potion of heal wounds {unknown}
 G - 2 potions of invisibility
 I - 2 potions of lignification {unknown}
 J - a potion of berserk rage {unknown}
 N - a potion of attraction {unknown}
 P - a potion of cancellation {unknown}
 T - a potion of magic {unknown}


   Skills:
 + Level 7.8 Fighting
 + Level 11.1 Maces & Flails
 + Level 2.2 Throwing
 * Level 7.7 Armour
 + Level 5.6 Dodging
 + Level 1.8 Stealth


You had 9 spell levels left.
You didn't know any spells.
Your spell library was empty.

Dungeon Overview and Level Annotations

Branches:
Dungeon (9/15)             Temple (0/1) D:5            Lair (0/5) D:8
    Orc: D:9-12

Altars:
Gozag
Nemelex Xobeh
Okawaru
Trog
Uskayaw
Wu Jian

Shops:
D:5 =


Innate Abilities, Weirdness & Mutations

You are immune to sickness and miasma.
Your stone body is resilient. (AC +7)
You are immune to poison.
You resist negative energy. (rN+)
You are resistant to electric shocks. (rElec)
You are resistant to unholy torment.
You are immune to petrification.
Your muscles are strong. (Str +4, Int/Dex -1)


Message History

The slime creature is heavily wounded.
The killer bee stings you but does no damage.
The slime creature hits you but does no damage.
Two slime creatures merge to form a large slime creature.
The slime creature barely misses you.
You bludgeon the large slime creature!! You freeze the large slime creature!
The large slime creature is heavily wounded.
The killer bee stings you but does no damage.
You sock the large slime creature! You freeze the large slime creature.
The large slime creature is heavily wounded.
The killer bee stings you but does no damage.
The slime creature hits you!
You bludgeon the large slime creature!! You freeze the large slime creature.
The large slime creature is almost dead.
The killer bee barely misses you.
You sock the large slime creature! You freeze the large slime creature.
The large slime creature is almost dead.
The killer bee closely misses you.
The large slime creature hits you but does no damage.
The slime creature misses you.
You sock the large slime creature! You freeze the large slime creature.
The large slime creature is almost dead.
The large slime creature hits you!
* * * LOW HITPOINT WARNING * * *
The slime creature hits you but does no damage.
You thump the large slime creature! You freeze the large slime creature.
You kill the large slime creature!
Trog accepts your kill.
You thump the slime creature! You freeze the slime creature.
The slime creature is moderately wounded.
You bludgeon the slime creature!! You freeze the slime creature.
The slime creature is severely wounded.
The killer bee stings you.
* * * LOW HITPOINT WARNING * * *
The slime creature closely misses you. The slime creature hits you.
* * * LOW HITPOINT WARNING * * *
You sock the slime creature! You freeze the slime creature!
The slime creature is almost dead.
The killer bee misses you. The slime creature hits you!
You die...

...#≈...>...≈#.....#.#...#.#
...#.........#..........#..#
.....##...##.......#.##..#.#
....(.#...#.....#.....#.##.#
....#.).≈...#...####.#..##.#
.....#######....# #.##.##.#
..#### #...#.# ##.##.##.#
..# ###.#y###...#.##.# ..#
#.#J@Jy.....##.# ..#
#.#####...####.# ..#
#....###.#####.# ..#
#......<.......# ..#
#....########### ..# #....#
.## ###.## # #.# #.#


You could see 2 slime creatures and 2 killer bees.

Vanquished Creatures
  2 two-headed ogres
  3 slime creatures (D:8)
  A steam dragon (D:7)
  3 orc warriors
  A black bear (D:6)
  3 sky beasts (D:7)
  An ogre (D:5)
  A centaur (D:5)
  5 phantoms
  A necrophage (D:4)
  3 bullfrogs
  2 gnoll sergeants (D:7)
  4 scorpions
  17 wights
  An electric eel (D:7)
  A howler monkey (D:5)
  5 hounds
  A gnoll bouda (D:6)
  8 orc priests
  11 orc wizards
  4 iguanas
  9 adders
  14 gnolls
  2 white imps (D:5)
  An ufetubus (D:4)
  A worm (D:2)
  4 dart slugs
  30 orcs
  4 bats
  5 endoplasms
  4 giant cockroaches
  8 hobgoblins
  3 jackals (D:3)
  8 kobolds
  2 quokkas (D:1)
  4 ball pythons
  9 frilled lizards
  10 goblins
  4 rats
200 creatures vanquished.

Vanquished Creatures (others)
  5 fungi (D:8)
  4 plants (D:8)
9 creatures vanquished.

Grand Total: 209 creatures vanquished

Notes
Turn   | Place    | Note
-------+----------+-------------------------------------------
     0 | D:1      | KittyFluff the Gargoyle Berserker began the quest for the
                  | Orb.
     0 | D:1      | Reached XP level 1. HP: 14/14 MP: 1/1
   243 | D:1      | Reached XP level 2. HP: 16/19 MP: 2/2
   693 | D:1      | Reached XP level 3. HP: 21/23 MP: 3/3
   943 | D:2      | Reached ** piety under Trog
  1261 | D:2      | Reached XP level 4. HP: 25/29 MP: 4/4
  1283 | D:2      | Reached skill level 4 in Maces & Flails
  1636 | D:3      | Noticed a phantom
  1644 | D:2      | Killed a phantom
  1645 | D:2      | Reached XP level 5. HP: 26/33 MP: 5/5
  2454 | D:3      | Reached XP level 6. HP: 25/38 MP: 6/6
  2598 | D:4      | Reached skill level 5 in Maces & Flails
  2966 | D:3      | Reached XP level 7. HP: 24/44 MP: 7/7
  3126 | D:4      | Reached skill level 1 in Stealth
  3193 | D:4      | Found an opulent altar of Gozag.
  3298 | D:4      | Reached *** piety under Trog
  3299 | D:4      | Reached skill level 6 in Maces & Flails
  3664 | D:5      | Entered Level 5 of the Dungeon
  3754 | D:5      | Reached XP level 8. HP: 48/48 MP: 8/8
  3900 | D:5      | Reached skill level 5 in Fighting
  3929 | D:5      | Reached skill level 7 in Maces & Flails
  3929 | D:5      | Reached skill level 5 in Armour
  4432 | D:5      | Found Othrus's Jewellery Shoppe.
  4535 | D:5      | Found a staircase to the Ecumenical Temple.
  4575 | D:5      | Reached skill level 8 in Maces & Flails
  5327 | D:6      | Reached XP level 9. HP: 44/55 MP: 9/9
  5344 | D:6      | Found an iron altar of Okawaru.
  5345 | D:6      | Found a sparkling altar of Nemelex Xobeh.
  5432 | D:6      | Reached **** piety under Trog
  5854 | D:6      | Reached skill level 9 in Maces & Flails
  5916 | D:6      | Gained mutation: You have a pair of small antennae on your
                  | head. [potion of mutation]
  5916 | D:6      | Gained mutation: You are strong-willed. (Will+) [potion of
                  | mutation]
  5926 | D:7      | Found an ornate altar of the Wu Jian Council.
  6188 | D:7      | Found a hide-covered altar of Uskayaw.
  6188 | D:7      | Found a bloodstained altar of Trog.
  6953 | D:7      | Reached skill level 10 in Maces & Flails
  7146 | D:7      | Lost mutation: You are strong-willed. (Will+) [potion of
                  | mutation]
  7146 | D:7      | Lost mutation: You have a pair of small antennae on your
                  | head. [potion of mutation]
  7146 | D:7      | Gained mutation: You are clumsy. (Dex -2) [potion of
                  | mutation]
  7146 | D:7      | Gained mutation: You are strong-willed. (Will+) [potion of
                  | mutation]
  7146 | D:7      | Gained mutation: You are somewhat resistant to further
                  | mutation. [potion of mutation]
  7147 | D:7      | Lost mutation: You are clumsy. (Dex -2) [potion of
                  | mutation]
  7147 | D:7      | Lost mutation: You are strong-willed. (Will+) [potion of
                  | mutation]
  7147 | D:7      | Lost mutation: You are somewhat resistant to further
                  | mutation. [potion of mutation]
  7147 | D:7      | Gained mutation: Your muscles are strong. (Str +4, Int/Dex
                  | -1) [potion of mutation]
  7152 | D:8      | Noticed a two-headed ogre
  7244 | D:8      | Noticed a two-headed ogre
  7256 | D:8      | Killed a two-headed ogre
  7257 | D:8      | Reached skill level 1 in Throwing
  7257 | D:8      | Reached skill level 5 in Dodging
  7257 | D:8      | Reached XP level 10. HP: 8/61 MP: 10/10
  7716 | D:8      | Reached ***** piety under Trog
  7905 | D:7      | Killed a two-headed ogre
  8014 | D:8      | Found a staircase to the Lair.
  8205 | D:8      | Reached skill level 11 in Maces & Flails
  8217 | D:8      | Slain by a slime creature

Illustrated notes

Levels and vault maps discovered:
D:1:      dpeg_arrival_short_road, layout_loops_ring, minmay_misc_feat_plants,
          roderic_serpentine_path
D:2:      minmay_alternating_diamond, layout_loops_ring
D:3:      layout_loops_ring, minmay_fountain_box
D:4:      layout_cave_pools, mainiacjoe_overflow_catwalk, minivault_14
D:5:      layout_basic, minmay_temple_entry_junction, serial_shops, shop
D:6:      layout_cave_pools, grunt_temple_overflow_open
D:7:      layout_basic, mainiacjoe_overflow_chevrons,
          nicolae_overflow_two_pavilions
D:8:      layout_loops_ring, dpeg_oklobed_lair, st_stairs_6,
          kennysheep_generic_room_15
D:9:      layout_basic, orc_david_3, grunt_ministairs_13, minivault_23,
          minmay_tree_intersection, item_on_display_a, uniq_erica,
          uniq_gastronok

Skill      XL: |  1  2  3  4  5  6  7  8  9 10 |
---------------+-------------------------------+-----
Dodging        | 2 3 5 |  5.6
Maces & Flails | 4 5 6 8 10 11 | 11.1
Armour         | 3 4 5 6 7 |  7.7
Fighting       | 4 5 6 7 |  7.8
Stealth        | 1 |  1.8
Throwing       | 1 2 |  2.2

Action                   |  1- 3 |  4- 6 |  7- 9 | 10-12 || total
-------------------------+-------+-------+-------+-------++-------
Melee: Mace              |    95 |   145 |       |       ||   240
       Punch             |     1 |       |     4 |       ||     5
       Flail             |       |     9 |   386 |   106 ||   501
Throw: Stone             |       |       |    24 |     7 ||    31
Invok: Berserk           |       |     1 |     3 |     2 ||     6
  Use: Scroll            |       |     1 |     7 |       ||     8
       Potion            |       |       |     3 |       ||     3
 Stab: Sleeping          |     1 |       |     1 |       ||     2
Armor: Animal skin       |    16 |       |       |       ||    16
       Leather armour    |    27 |    90 |   173 |    50 ||   340
Dodge: Dodged            |    68 |   121 |   250 |    71 ||   510
